 Dungeon Crawl Stone Soup version 0.28.0-53-g5a82cb258f (webtiles) character file.

Game seed: 8354719113069946657

66 Kranky the Bolt Thrower (level 4, 0/34 HPs)
             Began as a Gnoll Wanderer on June 18, 2022.
             Slain by a quokka (3 damage)
             ... on level 2 of the Dungeon.
             The game lasted 00:03:22 (1843 turns).

Kranky the Bolt Thrower (Gnoll Wanderer)            Turns: 1843, Time: 00:03:22

Health: 0/34       AC:  4    Str: 15    XL:     4   Next: 15%
Magic:  5/5        EV: 13    Int:  9    God:
Gold:   68         SH:  0    Dex: 12    Spells: 4/5 levels left

rFire   . . .      SeeInvis .   i - +0 trident
rCold   . . .      Faith    .   (no shield)
rNeg    . . .      Spirit   .   e - +0 leather armour
rPois   .          Reflect  .   (no helmet)
rElec   .          Harm     .   d - +0 cloak
rCorr   .          Rampage  .   (no gloves)
Will    .....                   (no boots)
Stlth   ++........              p - amulet of regeneration
HPRegen 0.91/turn               (no ring)
MPRegen 0.09/turn               (no ring)

@: no status effects
A: fangs 1, strong nose, distributed training
a: no special abilities


You were on level 2 of the Dungeon.
You visited 1 branch of the dungeon, and saw 3 of its levels.

You collected 68 gold pieces.

Inventory:

Hand Weapons
 a - a +2 hand crossbow
 i - a +0 trident (weapon)
Missiles
 b - 51 bolts
 j - 2 poisoned darts (quivered)
 q - 2 throwing nets
Armour
 d - a +0 cloak (worn)
 e - a +0 leather armour (worn)
Jewellery
 p - an amulet of regeneration (around neck)
Scrolls
 g - 2 scrolls of noise {unknown}
 k - a scroll of enchant armour {unknown}
 m - 2 scrolls of identify {unknown}
 n - a scroll of fear {unknown}
 o - a scroll of fog {unknown}
Potions
 c - a potion of flight {unknown}
 f - a potion of degeneration {unknown}
 h - a potion of brilliance {unknown}
 l - 2 potions of invisibility {unknown}


   Skills:
 + Level 2.7 Fighting
 + Level 1.0 Short Blades
 + Level 1.0 Long Blades
 + Level 1.0 Axes
 + Level 1.0 Maces & Flails
 + Level 2.7 Polearms
 + Level 1.0 Staves
 + Level 1.0 Slings
 + Level 1.0 Bows
 + Level 6.6 Crossbows
 + Level 1.0 Throwing
 + Level 4.6 Armour
 + Level 4.6 Dodging
 + Level 2.5 Stealth
 + Level 1.0 Shields
 + Level 1.0 Unarmed Combat
 + Level 1.0 Spellcasting
 + Level 0.8 Conjurations
 + Level 0.8 Hexes
 + Level 0.8 Summonings
 + Level 0.8 Necromancy
 + Level 0.8 Translocations
 + Level 0.8 Transmutations
 + Level 0.8 Fire Magic
 + Level 0.8 Ice Magic
 + Level 0.8 Air Magic
 + Level 0.8 Earth Magic
 + Level 0.8 Poison Magic
 + Level 1.1 Invocations
 + Level 1.0 Evocations


You had 4 spell levels left.
You knew the following spells:

 Your Spells              Type           Power      Damage    Failure   Level
a - Magic Dart            Conj           4%         1d3       30%         1

Your spell library contained the following spells:

 Spells                   Type           Power      Damage    Failure   Level
 Call Imp                 Summ           1%         N/A       43%         2
 Mephitic Cloud           Conj/Pois/Air  1%         N/A       67%         3


Dungeon Overview and Level Annotations

Branches:
Dungeon (3/15)

Altars:
Trog

Annotations:
D:3 Terence


Innate Abilities, Weirdness & Mutations

You have very sharp teeth.
Your uncanny sense of smell can sniff out nearby items.
Your experience applies equally to all skills.


Message History

The quokka misses you. The gnoll hits you with a +0 whip.
* * * LOW HITPOINT WARNING * * *
You hit the gnoll. Your bite misses the gnoll.
The gnoll is severely wounded.
The quokka barely misses you. The gnoll closely misses you.
The quokka bites you but does no damage.
You closely miss the gnoll.
The gnoll is severely wounded.
The gnoll barely misses you. The quokka closely misses you.
You hit the gnoll. You bite the gnoll, but do no damage.
The gnoll is almost dead.
The gnoll hits you with a +0 whip.
* * * LOW HITPOINT WARNING * * *
The quokka bites you.
* * * LOW HITPOINT WARNING * * *
The gnoll closely misses you.
You closely miss the gnoll.
The gnoll is almost dead.
The quokka bites you but does no damage.
The gnoll misses you. The quokka bites you.
* * * LOW HITPOINT WARNING * * *
Unknown command.
You hit the gnoll.
The gnoll is almost dead.
The quokka barely misses you. The gnoll closely misses you.
You hit the gnoll but do no damage.
The gnoll is almost dead.
The quokka misses you. The gnoll hits you but does no damage.
The quokka twitches its whiskers.
The quokka barely misses you.
You closely miss the gnoll.
The gnoll is almost dead.
The gnoll closely misses you. The quokka bites you.
* * * LOW HITPOINT WARNING * * *
You hit the gnoll but do no damage.
The gnoll is almost dead.
The gnoll hits you with a +0 whip.
* * * LOW HITPOINT WARNING * * *
The quokka bites you.
You die...

..# ###........#.##.###.#
#.####......####.........#
#.##.............#....####
#................#...##
#.........._...#....##
..............##....#
..............#.....#
.).).......##...)#..#
....>....#.....g@#..#
.........#.....r.#..#
.........#...###.#..##
.........#...# #.#...###
#........#...# #.......##
#..........#####....#...#
######.###..........###.#
#.# ######.....# #.####
#.# ##....# #....#


You could see a gnoll and a quokka.

Vanquished Creatures
  2 gnolls (D:2)
  An adder (D:2)
  A worm (D:2)
  A dart slug (D:1)
  An orc (D:2)
  4 ball pythons
  A bat (D:1)
  4 endoplasms (D:1)
  A giant cockroach (D:2)
  3 goblins
  3 hobgoblins
  A quokka (D:1)
  A frilled lizard (D:1)
  2 kobolds
  6 rats
32 creatures vanquished.

Notes
Turn   | Place    | Note
-------+----------+-------------------------------------------
     0 | D:1      | Kranky the Gnoll Wanderer began the quest for the Orb.
     0 | D:1      | Kranky set off with the following items: a +2 hand
                  | crossbow, 24 bolts, a +0 spear, a +0 cloak, a +0 leather
                  | armour
     0 | D:1      | Reached XP level 1. HP: 17/17 MP: 1/1
    76 | D:1      | Reached XP level 2. HP: 23/23 MP: 2/2
   860 | D:1      | Reached XP level 3. HP: 28/28 MP: 3/3
  1221 | D:2      | Learned a level 1 spell: Magic Dart
  1340 | D:2      | Reached skill level 1 in Invocations
  1588 | D:2      | Found a bloodstained altar of Trog.
  1780 | D:3      | Found a faded altar of an unknown god.
  1786 | D:2      | Reached skill level 1 in Short Blades
  1786 | D:2      | Reached skill level 1 in Long Blades
  1786 | D:2      | Reached skill level 1 in Axes
  1786 | D:2      | Reached skill level 1 in Maces & Flails
  1786 | D:2      | Reached skill level 1 in Staves
  1786 | D:2      | Reached skill level 1 in Slings
  1786 | D:2      | Reached skill level 1 in Bows
  1786 | D:2      | Reached skill level 1 in Throwing
  1786 | D:2      | Reached skill level 1 in Shields
  1786 | D:2      | Reached skill level 1 in Unarmed Combat
  1786 | D:2      | Reached skill level 1 in Spellcasting
  1786 | D:2      | Reached skill level 1 in Evocations
  1799 | D:3      | Noticed Terence
  1805 | D:2      | Reached XP level 4. HP: 23/34 MP: 5/5
  1843 | D:2      | Slain by a quokka

Illustrated notes

Levels and vault maps discovered:
D:1:      dpeg_arrival_connections, layout_loops_cross
D:2:      layout_rooms, basic_altar
D:3:      layout_loops_ring, nicolae_overflow_ecumenical_swirl,
          nicolae_gozag_seed_capital, lemuel_round_altar,
          nicolae_ecumenical_pavilion, serial_bayou, serial_bayou_pond_e,
          serial_bayou_pond_e, serial_bayou_lagoon_a, serial_bayou_shore_a,
          moated_statue, minmay_vboxes, uniq_terence

Skill      XL: |  1  2  3 |
---------------+----------+-----
Invocations    | 1 |  1.1
Short Blades   | 1 |  1.0
Long Blades    | 1 |  1.0
Axes           | 1 |  1.0
Maces & Flails | 1 |  1.0
Staves         | 1 |  1.0
Slings         | 1 |  1.0
Bows           | 1 |  1.0
Throwing       | 1 |  1.0
Shields        | 1 |  1.0
Unarmed Combat | 1 |  1.0
Spellcasting   | 1 |  1.0
Evocations     | 1 |  1.0
Fighting       | |  2.7
Polearms       | |  2.7
Crossbows      | |  6.6
Armour         | |  4.6
Dodging        | |  4.6
Stealth        | |  2.5
Conjurations   | |  0.8
Hexes          | |  0.8
Summonings     | |  0.8
Necromancy     | |  0.8
Translocations | |  0.8
Transmutations | |  0.8
Fire Magic     | |  0.8
Ice Magic      | |  0.8
Air Magic      | |  0.8
Earth Magic    | |  0.8
Poison Magic   | |  0.8

Action                   |  1- 3 |  4- 6 || total
-------------------------+-------+-------++-------
Melee: Trident           |    76 |    21 ||    97
       Bite              |     2 |     3 ||     5
       Punch             |     1 |       ||     1
 Fire: Hand crossbow     |    15 |       ||    15
 Cast: Magic Dart        |     2 |       ||     2
 Stab: Sleeping          |     4 |       ||     4
Armor: Leather armour    |    18 |     6 ||    24
Dodge: Dodged            |    40 |    28 ||    68
